 Dungeon Crawl Stone Soup version 0.29.1-2-gbd0b4ee654 (webtiles) character file.

Game seed: 10146707726732389446

15 xian the Trooper (level 2, 0/28 HPs)
             Began as a Minotaur Abyssal Knight on Oct 29, 2022.
             Was a Believer of Lugonu.
             Frozen to death by an endoplasm (2 damage)
             ... on level 1 of the Dungeon.
             The game lasted 00:02:56 (409 turns).

xian the Trooper (Minotaur Abyssal Knight)           Turns: 409, Time: 00:02:56

Health: 0/28       AC: 10    Str: 17    XL:     2   Next: 34%
Magic:  2/2        EV:  7    Int:  7    God:    Lugonu [**....]
Gold:   37         SH:  0    Dex: 10    Spells: 1/1 levels left

rFire   . . .      SeeInvis .   a - +1 hand axe
rCold   . . .      Faith    .   (no shield)
rNeg    . . .      Spirit   .   e - +0 chain mail
rPois   .          Reflect  .   f - +2 hat
rElec   .          Harm     .   (no cloak)
rCorr   .          Rampage  .   (no gloves)
Will    .....                   (no boots)
Stlth   ..........              (no amulet)
HPRegen 0.09/turn               (no ring)
MPRegen 0.08/turn               (no ring)

@: lethally poisoned (0 -> -20), attractive
A: horns 2, retaliatory headbutt
a: Renounce Religion, Depart the Abyss, Bend Space


You were on level 1 of the Dungeon.
You worshipped Lugonu.
Lugonu was pleased with you.
You visited 1 branch of the dungeon, and saw 1 of its levels.
You visited the Abyss 1 time.

You collected 37 gold pieces.

Inventory:

Hand Weapons
 a - a +1 hand axe (weapon)
Missiles
 g - 4 poisoned darts
Armour
 e - a +0 chain mail (worn)
 f - a +2 hat (worn)
Scrolls
 c - a scroll of enchant weapon {unknown}
 d - a scroll of identify


   Skills:
 + Level 4.3 Fighting
 + Level 2.8 Axes
 + Level 2.4 Armour
 + Level 1.1 Dodging
 * Level 1.7 Invocations


You had one spell level left.
You didn't know any spells.
Your spell library was empty.

Dungeon Overview and Level Annotations

Branches:
Dungeon (1/15)

Altars:


Innate Abilities, Weirdness & Mutations

You have a pair of horns on your head.
You reflexively headbutt those who attack you in melee.


Message History

An endoplasm comes into view.
The goblin hits you with a +1 dagger of venom.
You are poisoned.
You feel sick. The goblin hits you but does no damage.
You are more poisoned.
You closely miss the goblin. Your headbutt misses the goblin.
You hit the hobgoblin.
You feel very sick. The hobgoblin hits you. The goblin barely misses you.
You hit the goblin.
The goblin is moderately wounded.
You barely miss the hobgoblin.
You feel very sick.
The hobgoblin hits you but does no damage.
The goblin hits you but does no damage.
You are lethally poisoned!
You barely miss the goblin.
The goblin is moderately wounded.
You hit the hobgoblin but do no damage.
You feel very sick.
The hobgoblin hits you but does no damage.
The goblin hits you but does no damage.
You are more poisoned.
It was a potion of attraction.
You feel attractive to monsters.
* * * LOW HITPOINT WARNING * * *
You feel very sick.
The hobgoblin hits you but does no damage.
The goblin hits you but does no damage.
You are more poisoned.
You slash the goblin!
You kill the goblin!
Lugonu accepts your kill.
You hit the hobgoblin but do no damage.
* * * LOW HITPOINT WARNING * * *
You feel very sick.
The hobgoblin hits you but does no damage.
The endoplasm freezes you.
You are frozen.
You die...

######...........♣♣~~
#.................♣♣~~
..#.#####..........#♣≈~~
..#'#####..........#♣≈~~
........#..........#♣♣~~
........#..........#♣≈~~
........#..........#♣♣~~
........#...........~~♣♣
......J@.............~
......g............###
######........######
#........# ##########


You could see an endoplasm and a hobgoblin.

Vanquished Creatures
  An endoplasm (D:1)
  A giant cockroach (D:1)
  2 goblins (D:1)
  2 jackals (D:1)
  2 kobolds (D:1)
  2 quokkas (D:1)
  A ball python (D:1)
  2 frilled lizards (D:1)
  2 rats (D:1)
15 creatures vanquished.

Notes
Turn   | Place    | Note
-------+----------+-------------------------------------------
     0 | Abyss:1  | xian the Minotaur Abyssal Knight began the quest for the
                  | Orb.
     0 | Abyss:1  | Reached XP level 1. HP: 19/19 MP: 1/1
     0 | D:1      | Escaped the Abyss
    63 | D:1      | Found a faded altar of an unknown god.
   137 | D:1      | Reached ** piety under Lugonu
   160 | D:1      | Reached skill level 4 in Fighting
   241 | D:1      | Reached XP level 2. HP: 23/27 MP: 2/2
   409 | D:1      | Frozen to death by an endoplasm

Illustrated notes

Levels and vault maps discovered:
D:1:      reono_arrival_forest_river, layout_basic, basic_ecumenical_altar

Skill      XL: |  1 |
---------------+----+-----
Fighting       | 4 |  4.3
Axes           | |  2.8
Armour         | |  2.4
Dodging        | |  1.1
Invocations    | |  1.7

Action                   || total
-------------------------++-------
Melee: Hand axe          ||    31
       Headbutt          ||     3
Invok: Depart the Abyss  ||     1
  Use: Scroll            ||     1
       Potion            ||     1
Armor: Leather armour    ||     4
       Chain mail        ||    15
Dodge: Dodged            ||    13
